 Dungeon Crawl Stone Soup version 0.28.0-43-g3370ac3207 (webtiles) character file.

Game seed: 13011409722413634464

38757 unlimited1921 the Eclecticist (level 14, -14/103 HPs)
             Began as a Djinni Fire Elementalist on Mar 7, 2022.
             Was an Initiate of Gozag.
             Demolished by a two-headed ogre
             ... wielding a +0 giant club
              (20 damage)
             ... on level 10 of the Dungeon.
             The game lasted 03:06:37 (26765 turns).

unlimited1921 the Eclecticist (DjFE)               Turns: 26765, Time: 03:06:38

Health: -14/103    AC:  9    Str: 15    XL:     14   Next: 36%
Gold:   476        EV:  8    Int: 27    God:    Gozag SH:  5 Dex: 14

rFire   + + +      SeeInvis .   R - +8 quarterstaff "Nuupteta" {vamp, *Rage Int+5 Stlth+}
rCold   + + .      Faith    .   (shield currently unavailable)
rNeg    . . .      Spirit   .   X - +0 chain mail {rC+}
rPois   ∞          Reflect  +   c - +0 helmet
rElec   .          Harm     .   m - +0 cloak
rCorr   +          Rampage  .   f - +2 pair of gloves
Will    +....      Rage     20% (boots unavailable)
Stlth   +.........              P - amulet "Fokhug" {Reflect rC+ Regen+ SH+5}
HPRegen 1.07/turn               A - ring of protection from cold
MPRegen 0.00/turn               Z - ring of Zipp {Fly rCorr Str+6}

@: flying
A: sickness immunity, fire resistance 3, cold vulnerability 1, float, innate
caster, HP casting, extra vitality 1, deformed body, strong 1, wild magic 1
a: Renounce Religion, Potion Petition, Call Merchant, Bribe Branch


You were on level 10 of the Dungeon.
You worshipped Gozag.
Gozag was aware of your devotion.
You visited 3 branches of the dungeon, and saw 16 of its levels.

You collected 2548 gold pieces.
You spent 1591 gold pieces at shops.
You paid 481 gold pieces to Gozag.

Inventory:

Hand Weapons
 B - a +2 vampiric war axe
 C - a +5 war axe
 K - a +2 mace of protection
 L - a +0 falchion of venom
 R - the +8 quarterstaff "Nuupteta" (weapon) {vamp, *Rage Int+5 Stlth+}
   (You found it on level 9 of the Dungeon)

   It occasionally heals its wielder for a portion of the damage dealt when it
   wounds a living foe.
   Int:       It affects your intelligence (+5).
   *Rage:     It berserks you when you make melee attacks (+20% chance).
   Stlth:     It makes you more stealthy.
 W - the +9 rapier of Governance {elec, rElec rC- Dex+2}
   (You found it on level 10 of the Dungeon)

   It occasionally discharges a powerful burst of electricity upon striking a
   foe.
   Dex:       It affects your dexterity (+2).
   rC:        It makes you vulnerable to cold.
   rElec:     It insulates you from electricity.
Missiles
 d - 443 stones
 g - 2 throwing nets
 s - 97 sling bullets
 F - 5 boomerangs
 J - 22 poisoned darts
 V - 2 curare-tipped darts
Armour
 c - a +0 helmet (worn)
 f - a +2 pair of gloves (worn)
 m - a +0 cloak (worn)
 p - the +6 plate armour of Hairiness {Contam rCorr Slay+3}
   (You found it on level 10 of the Dungeon)

   Slay:      It affects your accuracy & damage with ranged weapons and melee
   (+3).
   Contam:    It causes magical contamination when unequipped.
   rCorr:     It protects you from acid and corrosion.
 X - a +0 chain mail of cold resistance (worn)
Jewellery
 A - a ring of protection from cold (left hand)
 P - the amulet "Fokhug" (around neck) {Reflect rC+ Regen+ SH+5}
   (You bought it in a shop on level 2 of the Dungeon)

   [amulet of reflection]

   It reflects blocked missile attacks.
   rC:        It protects you from cold.
   Regen:     It increases your rate of health regeneration.
   SH:        It affects your SH (+5).
 Z - the ring of Zipp (right hand) {Fly rCorr Str+6}
   (You bought it in a shop on level 2 of the Dungeon)

   [ring of strength]

   Str:       It affects your strength (+6).
   Fly:       It grants you flight.
   rCorr:     It protects you from acid and corrosion.
Wands
 t - a wand of charming (5)
 y - a wand of polymorph (10)
 H - a wand of flame (36)
 I - a wand of paralysis (11)
 O - a wand of mindburst (10)
 U - a wand of acid (12) (quivered)
Scrolls
 b - 2 scrolls of brand weapon {unknown}
 h - 2 scrolls of fog
 j - 2 scrolls of magic mapping
 o - a scroll of silence
 u - 3 scrolls of immolation
 v - 3 scrolls of holy word {unknown}
 E - 2 scrolls of amnesia {unknown}
 M - 4 scrolls of teleportation
 S - 2 scrolls of torment
 T - a scroll of summoning
 Y - a scroll of identify
Potions
 e - 2 potions of mutation
 i - 2 potions of heal wounds
 l - 3 potions of brilliance
 n - 7 potions of curing
 w - 2 potions of cancellation {unknown}
 x - 3 potions of resistance {unknown}
 z - 2 potions of berserk rage {unknown}
 G - a potion of haste
 N - 2 potions of might {unknown}
 Q - 2 potions of invisibility {unknown}


   Skills:
 * Level 10.7 Fighting
 + Level 0.7 Short Blades
 + Level 2.0 Axes
 + Level 2.9 Staves
 + Level 5.5 Dodging
 + Level 4.3 Stealth
 + Level 1.9 Shields
 + Level 15.3 Spellcasting
 + Level 2.0 Evocations


You had 12 spell levels left.
You knew the following spells:

 Your Spells              Type           Power      Damage    Failure   Level
a - Foxfire               Conj/Fire      100%       2x1d9     1%          1
b - Scorch                Fire           100%       2d10      1%          2
c - Conjure Flame         Conj/Fire      94%        6-21      1%          3
d - Inner Flame           Hex/Fire       94%        N/A       1%          3
e - Flame Wave            Conj/Fire      94%        2d16      2%          4
f - Slow                  Hex            100%       N/A       1%          1
g - Corpse Rot            Necr/Air       100%       N/A       1%          2
h - Ensorcelled Hibernat  Hex/Ice        100%       N/A       1%          2
i - Tukima's Dance        Hex            94%        N/A       1%          3
j - Yara's Violent Unrav  Hex/Tmut       47%        3d18      5%          5
k - Manifold Assault      Tloc           94%        N/A       5%          5
Your spell library was empty.

Dungeon Overview and Level Annotations

Branches:
Dungeon (14/15)            Temple (1/1) D:6            Lair (0/6) D:11
    Orc (1/2) D:10         Vaults (0/5) D:14

Altars:
Ashenzari
Cheibriados
Dithmenos
Elyvilon
Fedhas
Gozag
Hepliaklqana
Kikubaaqudgha
Makhleb
Nemelex Xobeh
Okawaru
Qazlal
Ru
Sif Muna
Trog
Uskayaw
Vehumet
Wu Jian
Xom
Yredelemnul
Zin
The Shining One
Jiyva

Shops:
D:2 =   D:5 *   D:10 *


Innate Abilities, Weirdness & Mutations

You are immune to sickness and miasma.
You are immune to poison.
Your flesh is almost immune to the effects of heat. (rF+++)
You are vulnerable to cold. (rC-)
You float through the air rather than walking.
You learn spells naturally, not from books.
Your magical power is your life essence.
You have superior vitality. (+4 MHP)
Armour fits poorly on your strangely shaped body.
Your muscles are strong. (Str +2)
Your spells are a little harder to cast, but a little more powerful.


Message History

* * * LOW HITPOINT WARNING * * *
The orc hits you but does no damage.
Casting: Ensorcelled Hibernation (safe; 1% risk of failure)
Confirm with . or Enter, or press ? or * to list all spells.
You conjure some foxfire!
* * * LOW HITPOINT WARNING * * *
The orc hits you with a +0 hand axe.
* * * LOW HITPOINT WARNING * * *
The orc hits your foxfire with a +0 hand axe. x2
The foxfire hits the orc.
The orc is heavily wounded.
The foxfire hits the orc.
You kill the orc!
The two-headed ogre's inner flame fades away.
You see here a ring of fire.
Casting: Foxfire (safe; 1% risk of failure)
Confirm with . or Enter, or press ? or * to list all spells.
Aiming: Ensorcelled Hibernation (safe; 1% risk of failure)
Press: ? - help, Shift-Dir - straight line, f - two-headed ogre
Aim: a two-headed ogre, wielding a +0 giant club and a +0 giant spiked club (chance to affect: 54%)
The two-headed ogre resists with some effort.
You see here a +0 robe.
The two-headed ogre hits you with a +0 giant club!
The two-headed ogre hits you with a +0 giant spiked club!
* * * LOW HITPOINT WARNING * * *
There is an open door here.
Things that are here:
a +0 robe; a +0 dagger
Casting: Ensorcelled Hibernation (safe; 1% risk of failure)
Confirm with . or Enter, or press ? or * to list all spells.
Aiming: Slow (safe; 1% risk of failure)
Press: ? - help, Shift-Dir - straight line, f/p - two-headed ogre
Aim: a two-headed ogre, wielding a +0 giant club and a +0 giant spiked club (chance to affect: 47%)
The two-headed ogre seems to slow down.
* * * LOW HITPOINT WARNING * * *
The two-headed ogre hits you with a +0 giant club!!
* * * LOW HITPOINT WARNING * * *
The two-headed ogre hits you with a +0 giant spiked club!!
You die...
Your body crumbles into a pile of gold.

########## #....(...# ########
#.######.# #......# #.# #.#
#.####.# ####.######.# #.# ##.#
..........#'### ####.###...
####.####.....# #####....##...#
#.####.....#####........##..##
#......).....@...........#....
#..###.#+#.###O....##+###.....
####..#.#...#.#.#.o...##.# #.####
...#..#.#.#.....#.#'#.##.###.###.
##.#........#.#.#>..o............
#.#.####.#.#.#.....#.######.###.
#.#.# #.#)#)..#.###............
##.#.# #.#<)))...........[......
...#.# #...).......####.####...#


You could see a two-headed ogre (slow), an orc warrior and an orc.

Vanquished Creatures
  Agnes (D:14)
  A fire dragon (D:14)
  3 vault guards (D:14)
  A rakshasa (D:13)
  2 ogre magi (D:14)
  2 boulder beetles
  2 hydras
  3 centaur warriors
  10 two-headed ogres
  A tengu warrior (D:12)
  A skeletal warrior (D:14)
  2 deep elf archers (D:14)
  2 orc knights (D:14)
  3 deep elf pyromancers
  8 cyclopes
  8 ugly things
  3 komodo dragons
  4 tengu conjurers
  An unseen horror (D:13)
  A rime drake (shapeshifter) (D:14)
  6 trolls
  A hornet (shapeshifter) (D:13)
  A hornet (D:10)
  Grinder (D:4)
  2 slime creatures (D:14)
  A wyvern (D:10)
  8 yaks
  4 wraiths
  A basilisk (D:10)
  4 vampire mosquitoes
  2 steam dragons
  A dancing weapon (D:6)
  3 acid dragons
  2 water moccasins
  4 wargs
  3 ice beasts
  A black bear (D:5)
  8 orc warriors
  5 ogres
  A phantom (D:4)
  8 centaurs
  3 kobold brigands
  A gnoll sergeant (D:9)
  6 bullfrogs
  2 scorpions
  2 water moccasin skeletons
  An electric eel (D:7)
  8 howler monkeys
  2 centaur zombies
  5 jellies
  2 bullfrog skeletons
  2 hounds
  7 orc priests
  Jessica (D:2)
  3 iguanas
  13 orc wizards
  A hound skeleton (D:4)
  9 gnolls
  2 howler monkey zombies
  A howler monkey skeleton (D:6)
  10 adders
  2 river rats (D:5)
  A shadow imp (D:6)
  2 white imps
  An ufetubus (D:4)
  An adder skeleton (D:4)
  A worm (D:3)
  2 dart slugs (D:1)
  35 orcs
  2 endoplasms
  4 giant cockroaches
  3 hobgoblins
  16 jackals
  3 quokkas
  8 ball pythons
  A bat (D:3)
  4 frilled lizards
  5 goblins
  17 kobolds
  6 rats
321 creatures vanquished.

Vanquished Creatures (collateral kills)
  A gnoll (D:9)
  2 orcs
  3 kobolds
  A foxfire (D:10)
7 creatures vanquished.

Vanquished Creatures (others)
  An efreet (D:13)
  6 dancing weapons
  591 foxfires
  A fungus (D:3)
  13 plants (D:3)
612 creatures vanquished.

Grand Total: 940 creatures vanquished

Notes
Turn   | Place    | Note
-------+----------+-------------------------------------------
     0 | D:1      | unlimited1921 the Djinni Fire Elementalist began the quest
                  | for the Orb.
     0 | D:1      | Reached XP level 1. HP: 15/15 MP: 0/0
   472 | D:1      | Reached XP level 2. HP: 15/22 MP: 0/0
  2249 | D:2      | Reached skill level 1 in Fighting
  2249 | D:2      | Reached skill level 3 in Spellcasting
  2249 | D:2      | Reached XP level 3. HP: 20/27 MP: 0/0
  2249 | D:2      | Learned a level 1 spell: Slow
  3242 | D:2      | Reached XP level 4. HP: 27/32 MP: 0/0
  3355 | D:2      | Found Jaak's Jewellery Boutique.
  3632 | D:2      | Noticed Jessica
  3633 | D:2      | Killed Jessica
  4452 | D:3      | Reached XP level 5. HP: 32/37 MP: 0/0
  4452 | D:3      | Learned a level 2 spell: Corpse Rot
  5101 | D:3      | Found a faded altar of an unknown god.
  5198 | D:3      | Reached skill level 4 in Spellcasting
  5910 | D:4      | Reached XP level 6. HP: 27/43 MP: 0/0
  6249 | D:4      | Found an ornate altar of the Wu Jian Council.
  6250 | D:4      | Noticed an ogre
  7207 | D:4      | Killed an ogre
  7407 | D:4      | Reached skill level 5 in Spellcasting
  7407 | D:4      | Reached XP level 7. HP: 42/49 MP: 0/0
  7407 | D:4      | Learned a level 2 spell: Ensorcelled Hibernation
  7600 | D:4      | Noticed Grinder
  7607 | D:4      | Paralysed by Grinder for 6 turns
  7622 | D:4      | Killed Grinder
  7896 | D:5      | Entered Level 5 of the Dungeon
  7968 | D:5      | Reached XP level 8. HP: 51/56 MP: 0/0
  8128 | D:5      | Found Seezit's Fire Supplies.
  8223 | D:5      | Reached skill level 6 in Spellcasting
 10227 | D:6      | Reached skill level 7 in Spellcasting
 10227 | D:6      | Reached XP level 9. HP: 46/63 MP: 0/0
 10227 | D:6      | Learned a level 3 spell: Tukima's Dance
 11378 | D:6      | Found a staircase to the Ecumenical Temple.
 11389 | Temple   | Entered the Ecumenical Temple
 11448 | Temple   | Became a worshipper of Gozag Ym Sagoz the Greedy
 11580 | D:6      | Reached skill level 5 in Fighting
 12618 | D:7      | Reached skill level 8 in Spellcasting
 13147 | D:7      | Reached skill level 1 in Axes
 14267 | D:8      | Found a viscous altar of Jiyva.
 14276 | D:8      | Reached XP level 10. HP: 53/72 MP: 0/0
 14516 | D:8      | Noticed a deep elf pyromancer
 14523 | D:8      | Killed a deep elf pyromancer
 14732 | D:8      | Reached skill level 9 in Spellcasting
 14737 | D:8      | Noticed a two-headed ogre
 14738 | D:8      | Killed a two-headed ogre
 14739 | D:8      | Reached skill level 1 in Evocations
 15835 | D:2      | Bought the amulet "Fokhug" {Reflect rC+ Regen+ SH+5} for
                  | 528 gold pieces
 16634 | D:9      | Identified the +8 quarterstaff "Nuupteta" {vamp, *Rage
                  | Int+5 Stlth+}
 17538 | D:10     | Entered Level 10 of the Dungeon
 17654 | D:10     | Reached skill level 10 in Spellcasting
 17656 | D:10     | Killed a +1 dagger of holy wrath
 17659 | D:10     | Reached XP level 11. HP: 44/79 MP: 0/0
 17659 | D:10     | Learned a level 5 spell: Yara's Violent Unravelling
 17851 | D:10     | Noticed a cyclops
 17859 | D:10     | Killed a cyclops
 18095 | D:10     | Found a staircase to the Orcish Mines.
 18432 | D:10     | Reached skill level 1 in Staves
 18670 | D:10     | Identified the +9 rapier of Governance {elec, rElec rC-
                  | Dex+2}
 18828 | D:10     | HP: 3/79 [komodo dragon (3)]
 18950 | D:10     | Identified the +6 plate armour of Hairiness {Contam rCorr
                  | Slay+3}
 19022 | D:10     | Gained mutation: You are clumsy. (Dex -2) [mutagenic glow]
 19076 | D:10     | Reached skill level 11 in Spellcasting
 19100 | D:10     | Found Zacet's Assorted Antiques.
 19108 | D:10     | Bought an amethyst potion for 19 gold pieces
 19108 | D:10     | Bought a scroll labelled YTOKOK ITSORI for 22 gold pieces
 19108 | D:10     | Bought a ripped robe for 125 gold pieces
 19108 | D:10     | Identified the +2 robe of Dice, Bag, and Bottle {Harm rPois
                  | Dex+3} (You bought it in a shop on level 10 of the Dungeon)
 19108 | D:10     | Bought a fuming grey potion for 19 gold pieces
 19192 | D:10     | Lost mutation: You are clumsy. (Dex -2) [potion of
                  | mutation]
 19192 | D:10     | Gained mutation: Armour fits poorly on your strangely
                  | shaped body. [potion of mutation]
 19192 | D:10     | Gained mutation: Your muscles are strong. (Str +2) [potion
                  | of mutation]
 19192 | D:10     | Gained mutation: Your spells are a little harder to cast,
                  | but a little more powerful. [potion of mutation]
 19192 | D:10     | Gained mutation: Your flesh is almost immune to the effects
                  | of heat. (rF+++) [potion of mutation]
 19531 | D:12     | Reached skill level 1 in Shields
 19658 | D:12     | Noticed a purple ugly thing
 19678 | D:12     | Killed a red ugly thing
 19811 | D:12     | Noticed a deep elf pyromancer
 19816 | D:12     | Killed a deep elf pyromancer
 19883 | D:12     | Noticed a cyclops
 19887 | D:12     | Killed a cyclops
 19908 | D:12     | Noticed a two-headed ogre
 19912 | D:12     | Killed a two-headed ogre
 19976 | D:12     | Noticed a tengu warrior
 19982 | D:12     | Reached XP level 12. HP: 69/86 MP: 0/0
 20005 | D:12     | Killed a tengu warrior
 20781 | D:11     | Found a staircase to the Lair.
 20787 | D:11     | Reached skill level 12 in Spellcasting
 21760 | D:11     | Noticed a two-headed ogre
 21767 | D:11     | Killed a two-headed ogre
 22203 | D:13     | Noticed a centaur warrior
 22257 | D:13     | Killed a centaur warrior
 22258 | D:13     | Noticed a two-headed ogre
 22264 | D:13     | Killed a two-headed ogre
 22471 | D:13     | Noticed a boulder beetle
 22616 | D:13     | Killed a boulder beetle
 22617 | D:13     | Reached skill level 13 in Spellcasting
 22744 | D:13     | Noticed a four-headed hydra
 22753 | D:13     | Killed a four-headed hydra
 22895 | D:13     | Reached XP level 13. HP: 89/94 MP: 0/0
 22895 | D:13     | Learned a level 5 spell: Manifold Assault
 23271 | D:13     | Noticed a rakshasa
 23289 | D:13     | Killed a rakshasa
 23733 | D:13     | Noticed a centaur warrior
 23741 | D:13     | Killed a centaur warrior
 23742 | D:13     | Reached skill level 5 in Dodging
 24007 | D:14     | Noticed Agnes
 24014 | D:14     | Killed Agnes
 24065 | D:14     | Reached skill level 14 in Spellcasting
 24087 | D:14     | Noticed a vault guard
 24158 | D:14     | Reached skill level 10 in Fighting
 24242 | D:14     | Killed a vault guard
 24273 | D:14     | Noticed a boulder beetle
 24278 | D:14     | Noticed a vault guard
 24280 | D:14     | Noticed an ogre mage
 24289 | D:14     | Killed a vault guard
 24389 | D:14     | Killed a boulder beetle
 24507 | D:14     | Killed an ogre mage
 24541 | D:14     | Noticed an ogre mage
 24545 | D:14     | Killed an ogre mage
 24560 | D:14     | Found a gate to the Vaults.
 24561 | D:14     | Noticed a vault guard
 24655 | D:14     | Killed a vault guard
 24656 | D:14     | Reached XP level 14. HP: 46/103 MP: 0/0
 25174 | D:14     | Reached skill level 15 in Spellcasting
 25936 | D:2      | Bought the ring of Zipp {Fly rCorr Str+6} for 878 gold
                  | pieces
 26193 | Orc:1    | Entered Level 1 of the Orcish Mines
 26765 | D:10     | Demolished by a two-headed ogre

Illustrated notes

Levels and vault maps discovered:
D:1:      giann_forest_graveyard, layout_basic, minmay_misc_feat_alley,
          hangedman_decor_peaks_small
D:2:      minmay_general_purpose_star, layout_basic, serial_shops, shop_statue,
          chequers_serial_rivers_micro_e, minmay_misc_feat_more_columns,
          minmay_tromino_v4_b, uniq_jessica
D:3:      layout_basic, shapermc_ecumenical_altar_mp_ritualfount
D:4:      layout_rooms, old_standard_altar, uniq_grinder
D:5:      layout_gridville, lightli_sewer_entry_pipes, nicolae_shop_fire_sale
          [nicolae_sub_dead_trees], serial_bayou_crossing
D:6:      layout_loops_ring, temple_hall, grunt_tough_drop
D:7:      layout_loops_corners, kennysheep_flooded_box
D:8:      layout_rooms, minmay_misc_feat_doors, jiyva_altar_1
D:9:      layout_cave_pods, serial_park, serial_park_tiny_2,
          serial_park_avenue1, serial_park_square2
D:10:     kennysheep_ambush_hall, layout_basic, david_orc_3, serial_shops,
          kennysheep_little_box, hangedman_decor_lopped
D:11:     layout_stronghold, erik_lair_orcish_takeover
D:12:     layout_basic
D:13:     layout_roguey
D:14:     layout_basic, grunt_vaults_entry_fortified, zin_angel, uniq_agnes
Temple:   dpeg_three_leaves_temple
Orc:1:    layout_caves

Skill      XL: |  1  2  3  4  5  6  7  8  9 10 11 12 13 14 |
---------------+-------------------------------------------+-----
Fighting       | 1 2 3 4 5 7 9 10 | 10.7
Spellcasting   | 3 4 5 7 8 10 11 13 14 15 | 15.3
Stealth        | 2 3 4 |  4.3
Dodging        | 3 4 5 |  5.5
Axes           | 1 2 |  2.0
Evocations     | 1 2 |  2.0
Staves         | 1 2 |  2.9
Shields        | 1 |  1.9
Short Blades   | |  0.7

Action                   |  1- 3 |  4- 6 |  7- 9 | 10-12 | 13-15 || total
-------------------------+-------+-------+-------+-------+-------++-------
Melee: Unarmed           |     1 |       |       |       |       ||     1
       Dagger            |       |    31 |     8 |       |       ||    39
       Punch             |       |     1 |     1 |       |       ||     2
       War axe           |       |       |    21 |     1 |       ||    22
       Quarterstaff      |       |       |       |    11 |    32 ||    43
 Cast: Foxfire           |    33 |    46 |    57 |   121 |   115 ||   372
       Scorch            |    23 |    32 |    43 |   104 |    74 ||   276
       Inner Flame       |       |    27 |    50 |    89 |    62 ||   228
       Slow              |       |     3 |     6 |    13 |    17 ||    39
       Corpse Rot        |       |     1 |       |       |       ||     1
       Ensorcelled Hiber |       |       |     5 |     7 |    15 ||    27
       Flame Wave        |       |       |     1 |     2 |     6 ||     9
       Tukima's Dance    |       |       |     5 |    14 |     8 ||    27
       Yara's Violent Un |       |       |       |    11 |     3 ||    14
       Manifold Assault  |       |       |       |       |     7 ||     7
       Conjure Flame     |       |       |       |       |     7 ||     7
Invok: Potion Petition   |       |       |       |     1 |       ||     1
Evoke: Wand              |       |       |       |    14 |     5 ||    19
  Use: Scroll            |       |       |       |    13 |       ||    13
       Potion            |       |       |       |     5 |     2 ||     7
Armor: Robe              |    10 |     5 |    18 |    10 |    17 ||    60
       Chain mail        |       |       |       |       |     7 ||     7
Dodge: Dodged            |    13 |    13 |    37 |    65 |    57 ||   185
Block: Other             |       |       |       |    15 |    28 ||    43
       Reflection        |       |       |       |     3 |     3 ||     6
